 Dungeon Crawl Stone Soup version 0.22-a0-880-gb7b0c8b (webtiles) character file.

242 jjfam the Chopper (level 5, -5/47 HPs)
             Began as a Minotaur Berserker on July 30, 2018.
             Was a Believer of Trog.
             Engulfed by lurker's ghost's steam (15 damage)
             ... on level 3 of the Dungeon.
             The game lasted 00:04:06 (2160 turns).

jjfam the Chopper (Minotaur Berserker)              Turns: 2160, Time: 00:04:07

Health: -5/47      AC:  7    Str: 22    XL:     5   Next: 82%
Magic:  4/4        EV: 11    Int:  4    God:    Trog [**....]
Gold:   109        SH:  0    Dex: 10    Spells: 4/4 levels left

rFire    . . .     SeeInvis .   a - +0 hand axe
rCold    . . .     Gourm    .   (no shield)
rNeg     . . .     Faith    .   i - +0 scale mail
rPois    .         Spirit   .   (helmet restricted)
rElec    .         Reflect  .   (no cloak)
rCorr    .         Harm     .   (no gloves)
MR       ++...                  (no boots)
Stlth    ..........             (no amulet)
HPRegen  1.15/turn              (no ring)
MPRegen  0.09/turn              (no ring)

@: lethally poisoned (-5 -> -5), berserk cooldown, regenerating, slowed, very
slow
A: retaliatory headbutt, horns 2
a: Berserk, Trog's Hand, Renounce Religion


You were on level 3 of the Dungeon.
You worshipped Trog.
Trog was pleased with you.
You were near starving.

You visited 1 branch of the dungeon, and saw 3 of its levels.

You collected 109 gold pieces.

Inventory:

Hand Weapons
 a - a +0 hand axe (weapon)
Armour
 b - a +0 animal skin
 e - a +0 large shield
 i - a +0 scale mail (worn)
Jewellery
 m - an uncursed ring of stealth {unknown}
 o - an uncursed ring of wizardry {unknown}
Scrolls
 g - 5 scrolls of identify {unknown}
 k - 2 scrolls of remove curse {unknown}
 l - a scroll of fear {unknown}
Potions
 d - a potion of mutation {unknown}
 f - 2 potions of haste {unknown}
 h - a potion of flight {unknown}
 j - a potion of curing {unknown}
 n - a potion of ambrosia {unknown}
Comestibles
 c - 6 rations


   Skills:
 + Level 4.9 Fighting
 + Level 5.8 Axes
 + Level 4.2 Armour
 + Level 2.9 Dodging
 + Level 0.2 Stealth


You had 4 spell levels left.
You didn't know any spells.
Your spell library was empty.

Dungeon Overview and Level Annotations

Branches:
Dungeon (3/15)

Altars:
Dithmenos
Trog
Vehumet
Zin

Annotations:
D:3 lurker's ghost, amateur OgFE


Innate Abilities, Weirdness & Mutations

You reflexively headbutt those who attack you in melee.
You have a pair of horns on your head.


Message History

Lurker's ghost closely misses you.
Lurker's ghost points at you and mumbles some strange words.
The puff of flame hits you!
You slash lurker's ghost!
Lurker's ghost is almost destroyed.
You are engulfed in a cloud of scalding steam.
You feel sick. Lurker's ghost casts a spell at you. The flame tongue hits you!
You closely miss lurker's ghost.
Lurker's ghost is almost destroyed.
You feel the effects of Trog's Hand fading.
Lurker's ghost points at you and mumbles some strange words.
The flame tongue hits you!
* * * LOW HITPOINT WARNING * * *
Lurker's ghost closely misses you.
You barely miss lurker's ghost. Your headbutt misses lurker's ghost.
Lurker's ghost is almost destroyed.
You are engulfed in a cloud of scalding steam.
You die...

..#..###.##.##.# #.#
#.....# ..#..#
#.##.##.####.#
###..#.# ..#..#
#............# #..##.#
..#..# #####.#.#######
#..# #.# .##..#
#.........# #..# #.#
.##..#######.#.#####.#
#..# .#
.##................#
#..# #
..##.#######...#ยง#.#
#..# #.##.# #.###@###
#... #.##.#
#.###W#.........#
#.##.# #.#
#โ‰ˆ###.######. #.##.#
#.# #โ‰ˆ# # . #.##.#
#.. #$#
#.##.###########โ‰ˆ#
...<...........###
################


You could see lurker's ghost.

Vanquished Creatures
  A bullfrog (D:3)
  3 orc wizards (D:3)
  5 adders (D:3)
  A worm (D:2)
  4 leopard geckos
  3 orcs (D:3)
  2 giant cockroaches
  3 hobgoblins
  2 jackals (D:2)
  A quokka (D:2)
  2 ball pythons
  4 bats
  4 frilled lizards
  8 goblins
  7 kobolds
  3 rats
53 creatures vanquished.

Notes
Turn   | Place    | Note
-------+----------+-------------------------------------------
     0 | D:1      | jjfam the Minotaur Berserker began the quest for the Orb.
     0 | D:1      | Reached XP level 1. HP: 19/19 MP: 0/0
   410 | D:1      | Reached XP level 2. HP: 22/27 MP: 1/1
   480 | D:1      | Reached skill level 4 in Axes
   762 | D:2      | Found a bloodstained altar of Trog.
   820 | D:2      | Found a shadowy altar of Dithmenos.
   926 | D:2      | Found a glowing silver altar of Zin.
  1037 | D:2      | Reached XP level 3. HP: 31/33 MP: 2/2
  1199 | D:2      | Reached ** piety under Trog
  1343 | D:2      | Found a radiant altar of Vehumet.
  1459 | D:3      | Reached XP level 4. HP: 41/41 MP: 3/3
  1635 | D:3      | Reached skill level 5 in Axes
  1643 | D:3      | Reached XP level 5. HP: 17/47 MP: 4/4
  1652 | D:3      | HP: 2/47 [orc wizard/magic dart (6)]
  2090 | D:3      | Found a runed door.
  2093 | D:3      | Noticed lurker's ghost (amateur OgFE)
  2160 | D:3      | Engulfed by lurker's ghost's steam

Vault maps used:
D:1:      scummos_arrival_hexagon
D:2:      cheibrodos_old_hovel, old_standard_altar, lemuel_doored_altar,
          grunt_temple_overflow_open, first_ration
D:3:      ebering_ghost_sewer_d

Skill      XL: |  1  2  3  4  5 |
---------------+----------------+-----
Axes           | 4 5 |  5.8
Fighting       | 4 |  4.9
Armour         | 3 4 |  4.2
Dodging        | |  2.9
Stealth        | |  0.2

Action                   |  1- 3 |  4- 6 || total
-------------------------+-------+-------++-------
Melee: Hand axe          |    72 |    46 ||   118
       Headbutt          |     7 |     7 ||    14
Invok: Berserk           |     1 |     2 ||     3
       Trog's Hand       |       |     1 ||     1
 Stab: Sleeping          |     1 |       ||     1
  Eat: Chunk             |     2 |     3 ||     5
Armor: Animal skin       |     1 |       ||     1
       Scale mail        |    26 |    20 ||    46
Dodge: Dodged            |    44 |    24 ||    68

Table legend:
 A = Spawn XP
 B = Non-spawn XP
 C = Spawn XP percentage of total XP
 D = Spawn monster count
 E = Non-spawn monster count
 F = Spawn count percentage of total count
 G = Total turns spent on level
                    A         B        C        D         E        F      G
               +---------+---------+-------+---------+---------+-------+---------
         Total |       0 |     347 |   0.0 |       0 |      53 |   0.0 |  2160
               +---------+---------+-------+---------+---------+-------+---------
           D:1 |       0 |      17 |   0.0 |       0 |      12 |   0.0 |   699
           D:2 |       0 |      38 |   0.0 |       0 |      19 |   0.0 |   714
           D:3 |       0 |     292 |   0.0 |       0 |      22 |   0.0 |   747
               +---------+---------+-------+---------+---------+-------+---------
